 Dungeon Crawl Stone Soup version 0.20.1-1-g8b1a95d (webtiles) character file.

960 Peloso the Slasher (level 7, -4/55 HPs)
             Began as a Demonspawn Fighter on Sept 3, 2017.
             Killed by Freeze
             ... invoked by dasa's ghost
              (11 damage)
             ... on level 4 of the Dungeon.
             The game lasted 00:10:26 (3503 turns).

Peloso the Slasher (Demonspawn Fighter)             Turns: 3503, Time: 00:10:26

Health: -4/55      AC: 10    Str: 19    XL:     7   Next: 92%
Magic:  7/7        EV:  7    Int:  9    God:
Gold:   163        SH:  8    Dex: 12    Spells: 6/6 levels left

rFire    . . .     SeeInvis .   a - +0 long sword
rCold    . . .     Gourm    .   c - +0 shield
rNeg     . . .     Faith    .   b - +0 scale mail
rPois    .         Spirit   .   (no helmet)
rElec    .         Reflect  .   (no cloak)
rCorr    .         Harm     .   (no gloves)
MR       .....                  (no boots)
Stlth    ..........             (no amulet)
Regen    0.2/turn               n - ring of wizardry
MPRegen  0.1/turn               (no ring)

@: heavily drained
A: iridescent scales 2, spiny 1
a: no special abilities


You were on level 4 of the Dungeon.
You were very hungry.

You visited 1 branch of the dungeon, and saw 4 of its levels.

You collected 163 gold pieces.

Inventory:

Hand Weapons
 a - a +0 long sword (weapon)
 g - a cursed -1 mace
 y - a +2 whip of flaming
Armour
 b - a +0 scale mail (worn)
 c - a +0 shield (worn)
Jewellery
 n - a ring of wizardry (left hand)
Scrolls
 j - a scroll of remove curse
 o - a scroll of enchant weapon {unknown}
 p - a scroll of amnesia
 s - 2 scrolls of fog {unknown}
 t - a scroll of recharging
 z - a scroll of immolation {unknown}
Potions
 e - 3 potions of curing
 k - a potion of heal wounds {unknown}
 l - 3 potions of mutation {unknown}
 q - a potion of cancellation {unknown}
 r - 2 potions of ambrosia {unknown}
 u - a potion of lignification {unknown}
 v - 2 potions of invisibility {unknown}
 x - a potion of agility {unknown}
Comestibles
 d - 2 meat rations
 f - 4 bread rations
 w - a royal jelly
 A - 4 fruits


   Skills:
 + Level 4.6(2.8) Fighting
 + Level 5.3(3.5) Long Blades
 + Level 4.7(3.0) Armour
 + Level 2.1(0.4) Dodging
 + Level 0.6(0.0) Stealth
 + Level 4.0(2.3) Shields


You had 6 spell levels left.
You didn't know any spells.

Dungeon Overview and Level Annotations

Branches:
Dungeon (4/15)
 Temple: D:4-7

Altars:

Annotations:
D:4 dasa's ghost, amateur OpIE


Innate Abilities, Weirdness & Mutations

You are mostly covered in iridescent scales. (AC +4)
You are partially covered in sharp spines.


Message History

Dasa's ghost is almost destroyed.
Dasa's ghost is struck by your spines.
Dasa's ghost hits you but does no damage.
You feel drained.
Unknown command.
You closely miss dasa's ghost.
Dasa's ghost is almost destroyed.
Dasa's ghost closely misses you.
Unknown command.
Your scale mail prevents you from hitting dasa's ghost.
Dasa's ghost is almost destroyed.
Dasa's ghost stares at you and mumbles some strange words.
You are frozen.
* * * LOW HITPOINT WARNING * * *
You block dasa's ghost's attack.
Unknown command.
You feel better.
Dasa's ghost stares at you and mumbles some strange words.
You are frozen.
You die...

.# .# #.##.....## #.#.....#
[# #.#
#.##......###.#.#...## .#
#.#.##.#........##.#p##p..##
.#
#.#..............#.#......>#
.#
#.####..........##.#######.#
.# #.# #.##......###.# #.#
.####.####..#.......##.# #.#
...........#.........#.# #p#
#####.#####....W@.<....#
#####.# .# #.#
#.......[..#####.....# .#
#.#####...#.....##
##...##### .#
#.........##...## #......p..
.###########.W######
##...##### ......# #..#
##.## # .####.# #..# ### #
.# #.# #..# # .# #.# #..# #


You could see dasa's ghost.

Vanquished Creatures
  Pikel (D:4)
  Grinder (D:3)
  2 slaves
  An ogre (D:4)
  A hound (D:4)
  An orc wizard (D:4)
  3 worker ants (D:4)
  A hound skeleton (D:4)
  3 adders
  An adder skeleton (D:4)
  2 worms
  2 dart slugs
  3 leopard geckos
  10 orcs
  2 bats
  2 giant cockroaches
  5 goblins
  4 hobgoblins
  14 jackals
  3 quokkas
  8 frilled lizards
  6 kobolds
  A quokka skeleton (D:4)
  5 rats
82 creatures vanquished.

Vanquished Creatures (others)
  An iguana (D:4)
  2 orcs (D:4)
  A jackal skeleton (D:4)
4 creatures vanquished.

Grand Total: 86 creatures vanquished

Notes
Turn   | Place    | Note
-------+----------+-------------------------------------------
     0 | D:1      | Peloso the Demonspawn Fighter began the quest for the Orb.
     0 | D:1      | Reached XP level 1. HP: 18/18 MP: 1/1
   117 | D:1      | Reached skill level 2 in Long Blades
   364 | D:1      | Gained mutation: You are partially covered in iridescent scales. (AC +2) [demonic ancestry]
   364 | D:1      | Reached XP level 2. HP: 12/24 MP: 2/2
   910 | D:2      | Reached XP level 3. HP: 23/29 MP: 3/3
  1909 | D:3      | Reached XP level 4. HP: 35/35 MP: 4/4
  1944 | D:3      | Noticed Grinder
  1946 | D:3      | Paralysed by Grinder for 7 turns
  1956 | D:3      | Killed Grinder
  1956 | D:3      | Reached skill level 3 in Long Blades
  1956 | D:3      | Reached skill level 1 in Dodging
  1956 | D:3      | Gained mutation: You are mostly covered in iridescent scales. (AC +4) [demonic ancestry]
  1956 | D:3      | Reached XP level 5. HP: 20/42 MP: 5/5
  1956 | D:3      | Reached XP level 6. HP: 23/48 MP: 6/6
  2396 | D:4      | Noticed a slave
  2396 | D:4      | Noticed a slave
  2605 | D:3      | Killed a slave
  2622 | D:4      | Killed a slave
  2743 | D:4      | Noticed Pikel
  2760 | D:4      | Noticed a slave
  2786 | D:4      | Noticed a slave
  2788 | D:4      | Killed Pikel
  2788 | D:4      | Reached skill level 5 in Long Blades
  2788 | D:4      | Gained mutation: You are partially covered in sharp spines. [demonic ancestry]
  2788 | D:4      | Reached XP level 7. HP: 18/54 MP: 7/7
  3430 | D:4      | Noticed dasa's ghost (amateur OpIE)
  3502 | D:4      | HP: 2/55 [dasa's ghost/Freeze (11)]
  3503 | D:4      | Killed from afar by dasa's ghost

Skill      XL: |  1  2  3  4  5  6  7 |
---------------+----------------------+-----
Long Blades    | 2 3 5 |  5.3
Armour         | 3 4 |  4.7
Dodging        | 1 2 |  2.1
Shields        | 3 4 |  4.0
Fighting       | 4 |  4.6
Stealth        | |  0.6

Action                   |  1- 3 |  4- 6 |  7- 9 || total
-------------------------+-------+-------+-------++-------
Melee: Long sword        |   154 |   135 |    59 ||   348
  Use: Potion            |       |     1 |     1 ||     2
       Scroll            |       |       |     6 ||     6
  Eat: Chunk             |     3 |     2 |     3 ||     8
Armor: Scale mail        |    85 |    68 |    18 ||   171
Dodge: Dodged            |    57 |    30 |    12 ||    99
Block: Shield            |    75 |    72 |    26 ||   173
       Rpst.: Long sword |    23 |    12 |     4 ||    39
